 Dungeon Crawl Stone Soup version 0.30-a0-632-g346586fe48 (webtiles) character file.

Game seed: 8357104031549699668

309 Leeroy the Slasher (level 6, -2/35 HPs)
             Began as a Tengu Warper on Jan 13, 2023.
             Slain by a wight
             ... wielding a +4 war axe
              (16 damage)
             ... on level 6 of the Dungeon.
             The game lasted 00:05:03 (2611 turns).

Leeroy the Slasher (Tengu Warper)                   Turns: 2611, Time: 00:05:04

Health: -2/35      AC:  3    Str: 11    XL:     6   Next: 41%
Magic:  4/10       EV: 14    Int: 14    God:
Gold:   172        SH:  0    Dex: 15    Spells: 7/9 levels left

rFire   . . .      SeeInvis .    a - +0 falchion
rCold   . . .      Faith    .    (no shield)
rNeg    . . .      Spirit   .    b - +0 leather armour
rPois   .          Reflect  .    (helmet restricted)
rElec   .          Harm     .    (no cloak)
rCorr   .          Rampage  .    (no gloves)
Will    .....                    (boots unavailable)
Stlth   +                        (no amulet)
HPRegen 0.25/turn                (no ring)
MPRegen 0.12/turn                (no ring)

@: on blink cooldown, flying quickly and evasively, very slightly contaminated,
quick
A: beak, talons 3, nimble flight
a: no special abilities


You were on level 6 of the Dungeon.
You visited 1 branch of the dungeon, and saw 6 of its levels.

You collected 172 gold pieces.

Inventory:

Hand Weapons
 a - a +0 falchion (weapon)
 r - a +0 dagger of draining
Missiles
 d - 7 boomerangs of dispersal
 g - 4 boomerangs
Armour
 b - a +0 leather armour (worn)
 l - a +0 pair of gloves
 o - a +0 kite shield
 w - a +0 helmet
Wands
 q - a wand of paralysis (3) (quivered)
 u - a wand of mindburst (11)
Scrolls
 f - a scroll of torment {unknown}
 h - a scroll of poison {unknown}
 i - a scroll of immolation {unknown}
 j - a scroll of vulnerability {unknown}
 k - 4 scrolls of teleportation {unknown}
 m - 2 scrolls of noise {unknown}
 n - 4 scrolls of identify {unknown}
 s - a scroll of fog {unknown}
Potions
 e - a potion of magic {unknown}
 p - a potion of might {unknown}
 t - a potion of lignification {unknown}
 v - a potion of heal wounds {unknown}


   Skills:
 - Level 2.0 Fighting
 + Level 7.2 Long Blades
 - Level 1.0 Throwing
 - Level 1.1 Armour
 - Level 2.3 Dodging
 - Level 2.0 Spellcasting
 - Level 2.4 Translocations


You had 7 spell levels left.
You knew the following spells:

 Your Spells              Type           Power      Damage    Failure   Level
a - Blink                 Tloc           16%        N/A       19%         2

Your spell library contained the following spells:

 Spells                   Type           Power      Damage    Failure   Level
 Lesser Beckoning         Tloc           16%        N/A       34%         3
 Teleport Other           Tloc           8%         N/A       34%         3
 Vhi's Electric Charge    Tloc/Air       8%         N/A       50%         3
 Manifold Assault         Tloc           8%         N/A       75%         4


Dungeon Overview and Level Annotations

Branches:
Dungeon (6/15)
 Temple: D:4-7

Altars:

Annotations:
D:4 Grinder


Innate Abilities, Weirdness & Mutations

You have a beak for a mouth.
You have claws for feet.
Your magical nature lets you fly swiftly and evasively.


Message History

You blink.
You feel stable enough to blink again.
Found a helmet.
You see here a +0 helmet.
w - a +0 helmet A wight is nearby!
The wight barely misses you. The wight closely misses you.
You hit the wight but do no damage. You claw the wight, but do no damage.
The wight hits you with a +4 war axe!
* * * LOW HITPOINT WARNING * * *
Okay, then.
Blink to where?
Press: ? - help, Dir - move target
As you read the scroll of blinking, it crumbles to dust.
You closely miss the phantom. You claw the phantom.
The phantom is heavily damaged.
The phantom barely misses you.
Casting: Blink (safe; 19% risk of failure)
Confirm with . or Enter, or press ? or * to list all spells.
You miscast Blink.
You are very lightly contaminated with residual magic.
Nothing appears to happen.
The gnoll barely misses you. The phantom barely misses you.
Casting: Blink (safe; 19% risk of failure)
Confirm with . or Enter, or press ? or * to list all spells.
You miscast Blink.
Nothing appears to happen.
The phantom closely misses you. The gnoll closely misses you.
Casting: Blink (safe; 19% risk of failure)
Confirm with . or Enter, or press ? or * to list all spells.
You blink.
Aiming: Paralyse
Press: ? - help, Shift-Dir - straight line, f - wight
Aim: a wight, wielding a +4 war axe and wearing a +0 ring mail (chance to affect: 49%)
The wight resists with some effort.
Aiming: Paralyse
Press: ? - help, Shift-Dir - straight line, f/p - wight
Aim: a wight, wielding a +4 war axe and wearing a +0 ring mail (chance to affect: 49%)
The wight resists with some effort.
The wight hits you with a +4 war axe!
You die...

#####
#######..W######
#.........gz@..#
#####.######.#####.#
.......# #.#.#b# #.#
##.##.## #.###.###.#
#.##.# #..~.~~~#z#
#.##.# #.#######.#
#.##.. #.#.......#
##.#### #~#########
...# #...~~~b#


You could see a phantom, a wight and a gnoll.

Vanquished Creatures
  An ogre (D:5)
  A wight (D:6)
  2 hounds
  An iguana (D:5)
  4 adders
  An ufetubus (D:6)
  2 worms (D:3)
  A dart slug (D:2)
  An orc (D:3)
  2 ball pythons
  3 bats
  3 endoplasms
  A giant cockroach (D:1)
  2 goblins
  5 hobgoblins
  5 kobolds
  3 quokkas (D:3)
  2 frilled lizards
  2 rats
42 creatures vanquished.

Vanquished Creatures (others)
  12 fungi (D:6)
  A plant (D:1)
13 creatures vanquished.

Grand Total: 55 creatures vanquished

Notes
Turn   | Place    | Note
-------+----------+-------------------------------------------
     0 | D:1      | Leeroy the Tengu Warper began the quest for the Orb.
     0 | D:1      | Reached XP level 1. HP: 12/12 MP: 4/4
   149 | D:1      | Reached XP level 2. HP: 17/17 MP: 6/6
   154 | D:1      | Reached skill level 3 in Long Blades
  1299 | D:3      | Reached XP level 3. HP: 21/21 MP: 7/7
  1382 | D:3      | Reached skill level 4 in Long Blades
  1742 | D:3      | Reached XP level 4. HP: 26/26 MP: 8/8
  1958 | D:3      | Learned a level 2 spell: Blink
  2042 | D:4      | Noticed Grinder
  2051 | D:5      | Entered Level 5 of the Dungeon
  2069 | D:5      | Noticed an ogre
  2092 | D:5      | Reached skill level 5 in Long Blades
  2095 | D:5      | Killed an ogre
  2096 | D:5      | Reached skill level 6 in Long Blades
  2096 | D:5      | Gained mutation: Your magical nature lets you fly swiftly
                  | and evasively. [Tengu growth]
  2096 | D:5      | Reached XP level 5. HP: 6/30 MP: 9/9
  2314 | D:5      | Noticed a black bear
  2456 | D:6      | Reached XP level 6. HP: 26/35 MP: 10/10
  2507 | D:6      | Reached skill level 7 in Long Blades
  2611 | D:6      | Slain by a wight

Illustrated notes

Levels and vault maps discovered:
D:1:      dpeg_arrival_arbitrary_b, layout_loops_ring, serial_forest,
          infiniplex_forest_lined_room_3, infiniplex_forest_corner_2,
          infiniplex_forest_split, infiniplex_forest_clump_medium,
          infiniplex_forest_end_1, infiniplex_forest_lined_room_2,
          infiniplex_forest_straight_2, infiniplex_forest_lined_room_2,
          minmay_vboxes
D:2:      layout_rooms
D:3:      layout_loops_cross
D:4:      layout_basic, mainiacjoe_overflow_catwalk,
          chequers_serial_rivers_small_3, minmay_between, uniq_pikel,
          uniq_grinder, uniq_crazy_yiuf_cottage
D:5:      layout_layer_cave, minmay_temple_entry_glassed_door,
          dreamdust_princess_bridge
D:6:      layout_loops_ring, marbit_many_paths, serial_aquarium,
          aquarium_bridge_long_separate [aquarium_subvault_bridge,
          aquarium_subvault_bridge, aquarium_subvault_wall,
          aquarium_subvault_bridge, aquarium_subvault_balcony,
          aquarium_subvault_window], aquarium_window_fake, aquarium_window_1,
          aquarium_view_2e, aquarium_pool_1

Skill      XL: |  1  2  3  4  5  6 |
---------------+-------------------+-----
Long Blades    | 3 4 6 7 |  7.2
Fighting       | |  2.0
Throwing       | |  1.0
Armour         | |  1.1
Dodging        | |  2.3
Spellcasting   | |  2.0
Translocations | |  2.4

Action                   |  1- 3 |  4- 6 || total
-------------------------+-------+-------++-------
Melee: Falchion          |    79 |    49 ||   128
       Kick              |    21 |    15 ||    36
       Peck              |    19 |     9 ||    28
 Cast: Blink             |       |     3 ||     3
Evoke: Wand              |       |     3 ||     3
  Use: Potion            |       |     2 ||     2
       Scroll            |       |     1 ||     1
 Stab: Invisible         |       |     4 ||     4
       Sleeping          |       |     1 ||     1
       Paralysed         |       |     2 ||     2
Armor: Leather armour    |    23 |     6 ||    29
Dodge: Dodged            |    38 |    37 ||    75

Table legend: (Time is in decaauts)
 A = Elapsed time spent in this place.
 B = Non-inter-level travel time spent in this place.
 C = Inter-level travel time spent in this place.
 D = Time resting spent in this place.
 E = Time spent auto-exploring this place.
 F = Levels seen in this place.
 G = Mean time per level.
                   A        B        C        D        E       F      G
               +--------+--------+--------+--------+--------+-----+--------+
         Total |   2571 |   2374 |    197 |     21 |   1901 |   6 |  428.5 |
       Dungeon |   2571 |   2374 |    197 |     21 |   1901 |   6 |  428.5 |
               +--------+--------+--------+--------+--------+-----+--------+

Top non-repeatable levels by time:
     D:1: 942 daAuts
     D:3: 665 daAuts
     D:2: 361 daAuts
     D:5: 268 daAuts
     D:6: 241 daAuts
     D:4: 92 daAuts
